 Dungeon Crawl Stone Soup version 0.21.1-1-g345015f (webtiles) character file.

168 troglodite the Skirmisher (level 5, 0/63 HPs)
             Began as a Demonspawn Berserker on Mar 7, 2018.
             Was a Believer of Trog.
             Killed from afar by an orc wizard (4 damage)
             ... with a puff of flame
             ... on level 4 of the Dungeon.
             The game lasted 00:08:35 (2959 turns).

troglodite the Skirmisher (Demonspawn Berserker)    Turns: 2959, Time: 00:08:36

Health: 0/63       AC:  6    Str: 23    XL:     5   Next: 24%
Magic:  5/5        EV:  9    Int:  8    God:    Trog [**....]
Gold:   138        SH:  8    Dex: 13    Spells: 4/4 levels left

rFire    . . .     SeeInvis .   a - +0 falchion
rCold    . . .     Gourm    .   r - +0 shield
rNeg     . . .     Faith    .   p - +0 ring mail
rPois    .         Spirit   .   (no helmet)
rElec    .         Reflect  .   (no cloak)
rCorr    .         Harm     .   q - +0 pair of gloves
MR       .....                  (no boots)
Stlth    ..........             (no amulet)
HPRegen  0.20/turn              (no ring)
MPRegen  0.09/turn              (no ring)

@: berserking (expiring), lethally poisoned (0 -> -2), very quick
A: claws 1, demonic guardian 1
a: Berserk, Trog's Hand, Burn Spellbooks, Renounce Religion


You were on level 4 of the Dungeon.
You worshipped Trog.
Trog was pleased with you.
You were near starving.

You visited 1 branch of the dungeon, and saw 4 of its levels.

You collected 138 gold pieces.

Inventory:

Hand Weapons
 a - a +0 falchion (weapon)
Armour
 p - a +0 ring mail (worn)
 q - a +0 pair of gloves (worn)
 r - a +0 shield (worn)
Scrolls
 d - 4 scrolls of identify {unknown}
 e - 2 scrolls of enchant armour {unknown}
 i - a scroll of random uselessness {unknown}
 k - a scroll of noise {unknown}
 l - 2 scrolls of teleportation {unknown}
 n - a scroll of fear {unknown}
 o - a scroll of amnesia {unknown}
Potions
 f - a potion of brilliance {unknown}
 g - 2 potions of heal wounds {unknown}
 h - a potion of cancellation {unknown}
 j - 2 potions of curing
 m - a potion of might {unknown}
Comestibles
 b - 3 chunks of flesh
 c - 6 rations


   Skills:
 * Level 3.9 Fighting
 + Level 3.7 Long Blades
 * Level 2.4 Armour
 * Level 3.1 Dodging
 + Level 0.2 Stealth
 * Level 0.1 Shields


You had 4 spell levels left.
You didn't know any spells.

Dungeon Overview and Level Annotations

Branches:
Dungeon (4/15)
 Temple: D:4-7

Altars:
Fedhas
Sif Muna


Innate Abilities, Weirdness & Mutations

You have sharp fingernails.
A weak demonic guardian rushes to your aid.


Message History

You slash the orc wizard!
The orc wizard is almost dead.
The orc wizard hits you with a dagger.
* * * LOW HITPOINT WARNING * * *
Your white imp hits the orc.
Your white imp freezes the orc.
The orc hits your white imp but does no damage.
Something hits you but does no damage.
Your quasit barely misses the orc wizard.
Your quasit misses the orc wizard.
Your quasit barely misses the orc wizard.
You barely miss the orc wizard.
The orc wizard is almost dead.
You feel sick.
The orc wizard hits you but does no damage.
Your white imp hits the orc.
The orc dies!
Trog accepts your kill. The orc wizard casts a spell at you.
The puff of flame hits you!
You die...

#. #. #.# #.# #.#
# #.#####.###
#.........#
#{o)......#
##5@55.....#
#<.........#
#.............#
.....###.....(...#
#### ##..#######
##.# #.. ##.# ..


You could see an orc wizard, a friendly quasit, a friendly white imp and a
friendly shadow imp.

Vanquished Creatures
  An orc wizard (D:3)
  A worker ant (D:4)
  3 adders
  2 oozes
  A worm (D:2)
  2 dart slugs
  2 leopard geckos
  10 orcs (D:3)
  2 giant cockroaches (D:2)
  10 hobgoblins
  4 jackals (D:1)
  7 kobolds
  A quokka (D:3)
  8 bats
  3 frilled lizards
  6 goblins
  7 rats
70 creatures vanquished.

Vanquished Creatures (collateral kills)
  A leopard gecko (D:4)
  An orc (D:4)
2 creatures vanquished.

Grand Total: 72 creatures vanquished

Notes
Turn   | Place    | Note
-------+----------+-------------------------------------------
     0 | D:1      | troglodite the Demonspawn Berserker began the quest for the Orb.
     0 | D:1      | Reached XP level 1. HP: 18/18 MP: 1/1
   185 | D:1      | Gained mutation: You have sharp fingernails. [demonic ancestry]
   185 | D:1      | Reached XP level 2. HP: 24/24 MP: 2/2
   307 | D:1      | Reached ** piety under Trog
   642 | D:1      | Reached XP level 3. HP: 21/29 MP: 3/3
  1504 | D:2      | Gained mutation: A weak demonic guardian rushes to your aid. [demonic ancestry]
  1504 | D:2      | Reached XP level 4. HP: 35/35 MP: 4/4
  1544 | D:2      | Found a blossoming altar of Fedhas.
  1927 | D:2      | Found a deep blue altar of Sif Muna.
  2495 | D:3      | Reached XP level 5. HP: 42/42 MP: 5/5
  2959 | D:4      | Killed from afar by an orc wizard

Skill      XL: |  1  2  3  4 |
---------------+-------------+-----
Dodging        | 2 3 |  3.1
Long Blades    | 3 |  3.7
Armour         | 2 |  2.4
Fighting       | |  3.9
Stealth        | |  0.2
Shields        | |  0.1

Action                   |  1- 3 |  4- 6 || total
-------------------------+-------+-------++-------
Melee: Falchion          |    98 |   109 ||   207
Invok: Berserk           |     2 |     3 ||     5
  Use: Potion            |       |     1 ||     1
  Eat: Chunk             |     4 |     6 ||    10
Armor: Animal skin       |    35 |    10 ||    45
       Ring mail         |       |    18 ||    18
Dodge: Dodged            |   111 |    87 ||   198
Block: Shield            |       |    10 ||    10
       Rpst.: Falchion   |    28 |    32 ||    60
